 Dungeon Crawl Stone Soup version 0.24.1-14-gf8d2b509d9 (webtiles) character file.

Game seed: 13497101641582882517, levelgen mode: deterministic

23 mortelune the Insei (level 3, 0/23 HPs)
             Began as an Octopode Transmuter on May 19, 2020.
             Slain by Terence
             ... wielding a +2 short sword of venom
              (6 damage)
             ... on level 2 of the Dungeon.
             The game lasted 00:01:32 (1652 turns).

mortelune the Insei (Octopode Transmuter)           Turns: 1652, Time: 00:01:33

Health: 0/23       AC:  1    Str:  9    XL:     3   Next: 0%
Magic:  4/6        EV: 13    Int: 16    God:
Gold:   35         SH:  0    Dex: 12    Spells: 0/6 levels left

rFire    . . .     SeeInvis .     - Unarmed
rCold    . . .     Gourm    .   (no shield)
rNeg     . . .     Faith    .   (helmet restricted)
rPois    .         Spirit   .   (no amulet)
rElec    .         Reflect  .   (no ring)
rCorr    .         Harm     .   (no ring)
MR       .....                  (no ring)
Stlth    ++........             (no ring)
HPRegen  0.07/turn              (no ring)
MPRegen  0.10/turn              (no ring)
                                (no ring)
                                (no ring)

@: lethally poisoned (0 -> -26), hasted, very quick
A: almost no armour, stealthy swim, amphibious, 8 rings, constrict 8, camouflage
1, gelatinous body 1
a: no special abilities


You were on level 2 of the Dungeon.
You were not hungry.

You visited 1 branch of the dungeon, and saw 2 of its levels.

You collected 35 gold pieces.

Inventory:

Missiles
 Q - 12 arrows
Jewellery
 d - an uncursed amulet of regeneration {unknown}
Potions
 a - a potion of mutation {unknown}
 b - a potion of haste
 e - a potion of magic {unknown}
Comestibles
 c - 2 rations
 f - 2 chunks of flesh


   Skills:
 + Level 1.5 Fighting
 - Level 2.0 Dodging
 - Level 3.0 Unarmed Combat
 + Level 2.3 Spellcasting
 * Level 2.8 Transmutations


You couldn't memorise any spells.
You knew the following spells:

 Your Spells              Type           Power        Failure   Level  Hunger
a - Beastly Appendage     Tmut           ##....       6%          1    #......
b - Sticks to Snakes      Tmut           ##......     10%         2    ###....
c - Spider Form           Tmut/Pois      #.........   34%         3    ###....

Your spell library contained the following spells:

 Spells                   Type           Power        Failure   Level  Hunger
 Ice Form                 Ice/Tmut       #.......     75%         4    #####..
 Blade Hands              Tmut           ##........   87%         5    ######.


Dungeon Overview and Level Annotations

Branches:
Dungeon (2/15)

Altars:

Annotations:
D:2 Terence


Innate Abilities, Weirdness & Mutations

You cannot wear most types of armour.
You are very stealthy in the water. (Stealth+)
You are amphibious.
You can wear up to eight rings at the same time.
You can use your tentacles to constrict eight enemies at once.
Your skin changes colour to match your surroundings (Stealth+).
Your rubbery body absorbs attacks. (AC +1, EV +1)


Message History

Terence hits you with a +2 short sword of venom.
You are lethally poisoned!
You hit Terence but do no damage.
Terence is moderately wounded.
You feel sick. Terence barely misses you.
You hit Terence but do no damage.
Terence looks as sick as possible!
Terence is heavily wounded.
You feel sick.
You hit Terence.
Terence looks as sick as possible!
Terence is severely wounded.
Your transformation has ended.
You feel sick. Terence completely misses you.
You feel sick.
Terence hits you with a +2 short sword of venom.
You are more poisoned.
It was a potion of haste.
You feel yourself speed up.
* * * LOW HITPOINT WARNING * * *
You feel sick.
Terence hits you with a +2 short sword of venom.
You die...

#.###........# #
#..)..##.#.###
#####.####.###
...# .......<...#
.## ########..##
.# #..# # #..#
#########..######
.......@@........
......###..####..
..... #..# #...
.?... ##. ######
#


You could see Terence.

Vanquished Creatures
  A giant cockroach (D:1)
  7 goblins
  3 hobgoblins (D:1)
  2 bats
  2 frilled lizards (D:1)
  4 kobolds (D:1)
  4 rats (D:1)
23 creatures vanquished.

Notes
Turn   | Place    | Note
-------+----------+-------------------------------------------
     0 | D:1      | mortelune the Octopode Transmuter began the quest for the
                  | Orb.
     0 | D:1      | Reached XP level 1. HP: 13/13 MP: 3/3
   174 | D:1      | Reached XP level 2. HP: 10/18 MP: 3/5
   689 | D:1      | Learned a level 2 spell: Sticks to Snakes
  1617 | D:2      | Reached XP level 3. HP: 23/23 MP: 6/6
  1622 | D:2      | Learned a level 3 spell: Spider Form
  1637 | D:2      | Noticed Terence
  1652 | D:2      | Slain by Terence

Levels and vault maps discovered:
D:1:      dpeg_arrival_short_road, layout_basic
D:2:      layout_loops_ring, serial_co_window_serial, co_window_corner_a,
          co_window_corner_a, co_window_paths_a, co_window_corner_a,
          co_window_paths_a, co_window_cross_1, co_window_of_opportunity_a,
          co_window_unsneaky_path_a, co_window_broadway_b,
          co_window_of_opportunity_b, co_window_4corner_a, co_window_4corner_b,
          glass_columns_a, uniq_terence

Action                   || total
-------------------------++-------
Melee: Unarmed           ||    50
       Constrict         ||    12
       Kick              ||     4
       Tentacles         ||     2
 Cast: Beastly Appendage ||     4
       Spider Form       ||     1
  Use: Potion            ||     1
 Stab: Sleeping          ||     5
  Eat: Chunk             ||     2
Armor: Skin              ||     7
Dodge: Dodged            ||    31
